 Dungeon Crawl Stone Soup version 0.17.2-1-ge4368a0 (webtiles) character file.

121 Goblin1989 the Insei (level 4, -1/35 HPs)
             Began as a Demonspawn Monk on May 5, 2017.
             Killed from afar by Sigmund (9 damage)
             ... with a puff of flame
             ... on level 3 of the Dungeon.
             The game lasted 00:05:46 (1731 turns).

Goblin1989 the Insei (Demonspawn Monk)              Turns: 1731, Time: 00:05:46

Health: -1/35      AC:  5    Str: 12    XL:     4   Next: 77%
Magic:  4/4        EV: 11    Int: 12    God:
Gold:   100        SH:  0    Dex: 15    Spells: 0 memorised, 3 levels left

rFire  . . .     SeeInvis .       - Unarmed
rCold  . . .     Clarity  .     b - +0 ring mail
rNeg   . . .     SustAt   .     (no shield)
rPois  .         Gourm    .     (helmet restricted)
rElec  .         Spirit   .     (no cloak)
rCorr  .         Warding  .     (no gloves)
rMut   .         Stasis   .     (no boots)
MR     .....                    (no amulet)
Stlth  +.........               (no ring)
                                l - ring of flight

@: not resistant to hostile enchantments, very unstealthy
A: claws 1, horns 1, spiny 1
a: Evoke Flight


You were on level 3 of the Dungeon.
You were hungry.

You visited 1 branch of the dungeon, and saw 3 of its levels.

You collected 100 gold pieces.

Inventory:

Armour
 b - a +0 ring mail (worn)
Jewellery
 l - a ring of flight (left claw)
 p - a +4 ring of intelligence {unknown}
Wands
 j - a wand of frost (26)
Scrolls
 a - 3 scrolls of identify {unknown}
 c - a scroll of fear {unknown}
 f - 2 scrolls of remove curse {unknown}
 g - a scroll of amnesia {unknown}
 h - a scroll of blinking {unknown}
 i - 2 scrolls of teleportation {unknown}
 n - a scroll of magic mapping {unknown}
 o - a scroll of enchant armour {unknown}
Potions
 d - a potion of cancellation {unknown}
 m - 2 potions of brilliance {unknown}
 q - a potion of mutation {unknown}
Comestibles
 e - 2 bread rations {@e1}
 k - a meat ration {@e2}


   Skills:
 - Level 3.0 Fighting
 - Level 2.6 Dodging
 - Level 1.7 Stealth
 + Level 5.6 Unarmed Combat


You had 3 spell levels left.
You didn't know any spells.

Dungeon Overview and Level Annotations

Branches:
Dungeon (3/15)

Altars:
Nemelex Xobeh
Trog

Annotations:
D:3 Sigmund


Innate Abilities, Weirdness & Mutations

You have sharp fingernails.
You have a pair of small horns on your head.
You are partially covered in sharp spines.


Message History

No target in view!
No target in view!
No target in view!
No target in view!
No target in view!
No target in view!
No target in view!
No target in view!
No target in view!
No target in view!
No target in view!
No target in view!
Things that are here:
a falchion; an orc corpse
Things that are here:
a club; a chain mail
Things that are here:
a falchion; an orc corpse
Things that are here:
a flail; a leather armour You see here a tomahawk.
q - a metallic emerald potion
Things that are here:
a hand axe; an orc corpse Health restored: 35 You see here a hunting sling.
You found a shaft!
Marking area around Sigmund as unsafe for travelling.
A bat and Sigmund come into view.
The bat is struck by your spines.
You kill the bat!
Sigmund shouts!
Sigmund casts a spell at you. The puff of flame hits you!
You take 5 damage, and have 30/35 hp.
You scratch Sigmund. You headbutt Sigmund, but do no damage.
Sigmund is lightly wounded.
Sigmund hits you with a scythe of freezing.
Sigmund freezes you.
You take 5 damage, and have 25/35 hp.
You scratch Sigmund. Your headbutt misses Sigmund.
Sigmund is moderately wounded.
Sigmund screams, "You will never...
NEVER!!!"
Sigmund casts a spell at you.
You are confused.
You are too confused!
You are too confused!
You are too confused!
You are too confused!
You are too confused!
You are too confused!
You are too confused!
You are too confused!
You are too confused!
You are too confused!
You are too confused!
You are too confused!
You are too confused!
You are too confused!
You are too confused!
You are too confused!
You are too confused!
You are too confused!
You are too confused!
You are too confused!
You are too confused!
You are too confused!
You are too confused!
You are too confused!
You are too confused!
You are too confused!
Unknown command.
You barely miss Sigmund. You headbutt Sigmund.
Sigmund is moderately wounded.
Sigmund is struck by your spines. Sigmund closely misses you.
You see here a bat corpse.
Sigmund hits you from afar with a scythe of freezing.
Sigmund freezes you.
You take 2 damage, and have 24/35 hp.
Sigmund is struck by your spines. Sigmund barely misses you.
Sigmund hits you with a scythe of freezing!
Sigmund freezes you.
You take 8 damage, and have 16/35 hp.
MASSIVE DAMAGE!!
You scratch Sigmund but do no damage.
Sigmund is heavily wounded.
You feel less confused. Sigmund is struck by your spines.
Sigmund hits you but does no damage.
You scratch Sigmund. Your headbutt misses Sigmund.
Sigmund is severely wounded.
You closely miss Sigmund.
Sigmund is severely wounded.
Sigmund casts a spell at you. The puff of flame hits you!
* * * LOW HITPOINT WARNING * * *
You take 9 damage, and have 7/35 hp.
MASSIVE DAMAGE!!
You scratch Sigmund.
Sigmund is severely wounded.
Sigmund points at you and mumbles some strange words.
The puff of flame hits you!
You die...

█........█ ██ ███.....
█.█████....(█ █.∆..... █.█
██.█ █.█..... █.█
███████.████████.█..... █.█
..█..............█.....
█.███.█.██.█████████.█.....
█.....█..............██....
█....^█...@████████.███....
█.██..█†█.@..█ █......███
█.██.█....██.█ █..███.███
█..█....█.█ █ █...†.....
█..███.████ █.......█. ██.
█.. █.....█.█. █..█
█.....█.█. ...█ █..████.█.
...█ █... ..█.


█████ █.██ ███. You could see Sigmund.

Vanquished Creatures
  4 adders
  An ooze (D:1)
  A worm (D:2)
  2 giant geckos
  6 orcs (D:3)
  A ball python (D:2)
  7 bats
  7 giant cockroaches
  9 goblins
  8 hobgoblins
  2 quokkas
  4 giant newts (D:1)
  10 kobolds
  5 rats
67 creatures vanquished.

Notes
Turn   | Place    | Note
--------------------------------------------------------------
     0 | D:1      | Goblin1989 the Demonspawn Monk began the quest for the Orb.
     0 | D:1      | Reached XP level 1. HP: 18/18 MP: 1/1
   105 | D:1      | Reached skill level 4 in Unarmed Combat
   108 | D:1      | Gained mutation: You have sharp fingernails. [demonic ancestry]
   108 | D:1      | Reached XP level 2. HP: 16/24 MP: 2/2
   113 | D:1      | Goblin1989: ololo!!!
   113 | D:1      | Goblin1989: You feel monstrous as your demonic heritage exerts itself.
   113 | D:1      | Goblin1989: пришло время учить форму статуи
   113 | D:1      | Goblin1989: и выбирать окавару
   475 | D:1      | Gained mutation: You have a pair of small horns on your head. [demonic ancestry]
   475 | D:1      | Reached XP level 3. HP: 24/29 MP: 3/3
   683 | D:2      | Found a sparkling altar of Nemelex Xobeh.
   713 | D:2      | Reached skill level 5 in Unarmed Combat
   862 | D:2      | Gained mutation: You are partially covered in sharp spines. [demonic ancestry]
   862 | D:2      | Reached XP level 4. HP: 35/35 MP: 4/4
  1584 | D:3      | Found a bloodstained altar of Trog.
  1716 | D:3      | Noticed Sigmund
  1731 | D:3      | Killed from afar by Sigmund

Action                   |  1- 3 |  4- 6 || total
-------------------------+-------+-------++-------
Melee: Unarmed           |   133 |    37 ||   170
 Stab: Sleeping          |     4 |       ||     4
  Eat: Chunk             |       |     2 ||     2

Vault maps used:
D:1:      dpeg_arrival_tiny_d
D:2:      old_standard_altar, st_stairs_14
D:3:      bloody_trog, first_bread, uniq_sigmund
